AoeStats
← blackjack6894

Fortress

507878093Analyzed
3v3 RM · 11d ago on Sep 20, 2026· 50m 57s· 6 players
Game mode
Random Map
Map size
Large (8 player)
Population
200
Speed
Normal
Resources
Standard
Victory
Conquest
Starting age
Dark Age
Ending age
Imperial Age
RankedLock teamsTeams togetherTeam positionsShared explorationLock speedFull tech treeHidden civsTurbo modeCheats
Victory
Defeat
🇺🇸 Huns · United States
575
+6
🇩🇪 Britons · Germany
545
+7
🇵🇪 Burgundians · Peru
376
+13
🇺🇸 Huns · United States
358
-10
🇺🇸 Sicilians · United States
342
-9
🇦🇷 Poles · Argentina
283
-7
FruliDains
10:11 Feudal Age
11:44 Double-Bit Axe
11:44 Horse Collar
22:26 Castle Age
23:15 Crossbowman
23:50 Pikeman
35:06 Elite Skirmisher
37:00 Caravan
37:25 Fletching
37:35 Padded Archer Armor
37:37 Scale Mail Armor
39:22 Heavy Plow
39:59 Wheelbarrow
44:41 Imperial Age
43:45 Bodkin Arrow
44:06 Leather Archer Armor
44:01 Forging
47:26 Conscription
49:54 Man-at-Arms
49:59 Halberdier
50:04 Arbalester
Marsha7392
1:52 Loom
9:31 Feudal Age
9:36 Man-at-Arms
12:50 Wheelbarrow
12:00 Town Watch
13:19 Horse Collar
13:29 Double-Bit Axe
20:03 Castle Age
21:36 Hand Cart
21:21 Town Patrol
22:25 Caravan
23:50 Heavy Plow
24:03 Bow Saw
24:02 Gold Mining
24:05 Stone Mining
28:38 Gold Shaft Mining
32:50 Imperial Age
32:35 Scale Barding Armor
32:31 Scale Mail Armor
32:41 Forging
32:22 Fletching
32:32 Padded Archer Armor
34:56 Two-Man Saw
35:24 Conscription
35:06 Marauders
37:17 Elite Tarkan
38:30 Masonry
38:41 Ballistics
45:36 Husbandry
45:47 Bloodlines
44:59 Light Cavalry
46:06 Squires
octaviolarex
8:33 Feudal Age
12:39 Man-at-Arms
21:01 Castle Age
27:43 Long Swordsman
27:44 Pikeman
28:55 Crossbowman
28:55 Elite Skirmisher
34:53 Imperial Age
38:29 Cavalier
39:43 Arbalester
44:23 Heavy Cavalry Archer
blackjack6894
2:37 Loom
9:14 Feudal Age
10:39 Wheelbarrow
9:50 Horse Collar
10:00 Double-Bit Axe
17:35 Castle Age
16:18 Bloodlines
16:23 Scale Barding Armor
17:46 Gold Mining
18:05 Stone Mining
18:35 Heavy Plow
19:06 Husbandry
18:34 Light Cavalry
20:13 Chain Barding Armor
20:42 Forging
22:29 Hand Cart
24:36 Bow Saw
24:49 Fletching
26:20 Bodkin Arrow
26:46 Town Watch
33:06 Imperial Age
31:35 Gold Shaft Mining
34:15 Conscription
35:04 Plate Barding Armor
35:05 Iron Casting
34:33 Bracer
38:11 Blast Furnace
38:28 Marauders
38:11 Elite Tarkan
40:25 Fervor
40:41 Caravan
Heistergand
6:02 Loom
10:08 Feudal Age
12:53 Town Watch
13:44 Wheelbarrow
13:17 Double-Bit Axe
13:13 Horse Collar
13:36 Gold Mining
13:40 Stone Mining
18:22 Castle Age
19:55 Forging
20:17 Yeomen
20:52 Bow Saw
23:29 Heavy Plow
24:38 Hand Cart
24:17 Fletching
24:28 Padded Archer Armor
25:07 Gold Shaft Mining
24:07 Crossbowman
25:45 Town Patrol
26:00 Bodkin Arrow
27:10 Leather Archer Armor
27:01 Scale Barding Armor
28:21 Husbandry
34:11 Squires
33:31 Pikeman
37:20 Imperial Age
35:19 Arson
35:37 Squires
38:51 Iron Casting
38:38 Chain Barding Armor
38:19 Bracer
39:30 Pikeman
39:35 Capped Ram
41:05 Hoardings
40:51 Conscription
41:51 Plate Barding Armor
41:18 Scale Mail Armor
40:42 Elite Skirmisher
42:54 Blast Furnace
43:26 Ring Archer Armor
45:03 Caravan
46:01 Halberdier
49:01 Chain Mail Armor
49:58 Elite Longbowman
Shader
2:02 Loom
9:17 Double-Bit Axe
13:52 Feudal Age
14:42 Town Watch
14:55 Gold Mining
14:57 Arson
15:59 Bow Saw
23:05 Castle Age
22:09 Horse Collar
22:23 Stone Mining
23:45 Crossbowman
24:35 Heavy Plow
24:59 Burgundian Vineyards
26:56 Fortified Wall
26:41 Murder Holes
27:44 Wheelbarrow
27:21 Treadmill Crane
28:06 Ballistics
28:50 Crop Rotation
29:51 Two-Man Saw
29:57 Elite Skirmisher
36:01 Imperial Age
35:05 Padded Archer Armor
34:56 Fletching
35:12 Scale Barding Armor
34:50 Treadmill Crane
36:28 Leather Archer Armor
38:27 Conscription
37:44 Pikeman
38:26 Squires
38:50 Chain Barding Armor
38:25 Bodkin Arrow
38:34 Husbandry
38:46 Cavalier
41:03 Chemistry
40:28 Bracer
42:20 Hand Cart
43:47 Plate Barding Armor
42:36 Paladin
43:50 Town Patrol
44:36 Scale Mail Armor
44:51 Forging
44:40 Halberdier
46:56 Chain Mail Armor
47:21 Iron Casting
48:13 Plate Mail Armor
49:18 Blast Furnace
Connection lost

Rejoining the realm…

Still unreachable

The connection could not be restored.

Session expired

The server has moved on; the page needs a fresh start.